 Dungeon Crawl Stone Soup version 0.26-a0-661-g406de6ba63 (webtiles) character file.

Game seed: 7469657700056540182

270656 robertstho the Scribe (level 20, 0/155 HPs)
             Began as a Gnoll Ice Elementalist on Oct 7, 2020.
             Was a Priest of Sif Muna.
             Killed by vampiric draining
             ... invoked by a vampire mage
              (19 damage)
             ... on level 3 of the Elven Halls on Oct 8, 2020.
             The game lasted 03:14:31 (52430 turns).

robertstho the Scribe (Gnoll Ice Elementalist)     Turns: 52430, Time: 03:14:32

Health: 0/155      AC: 11    Str: 10    XL:     20   Next: 21%
Magic:  39/56      EV: 23    Int: 34    God:    Sif Muna [***...]
Gold:   2393       SH: 15    Dex: 20    Spells: 7/46 levels left

rFire    . . .     SeeInvis .   j - +4 spear "Baesa" {vorpal, *Drain rPois rC+++ Stlth+}
rCold    + + +     Faith    .   F - +2 buckler
rNeg     . . .     Spirit   .   N - +0 troll leather armour
rPois    +         Reflect  +   W - +3 hat of Pondering {ponderous, MR+ MP+10 Int+5}
rElec    .         Harm     .   E - scarf {repulsion}
rCorr    .         Rampage  .   M - +1 pair of gloves {Dex+3}
MR       ++++.                  (no boots)
Stlth    +++++++...             x - amulet of reflection
HPRegen  0.75/turn              b - ring of magical power
MPRegen  0.35/turn              f - ring of the Mage {Wiz MR++ Int+3}

@: about to teleport, frozen ramparts, slowed, studying Polearms, lightly
drained, repel missiles, very slow
A: distributed training, fangs 1, strong nose
}: 2/15 runes: decaying, serpentine
a: Channel Magic, Forget Spell, Renounce Religion


You were on level 3 of the Elven Halls.
You worshipped Sif Muna.
Sif Muna was most pleased with you.
You visited 8 branches of the dungeon, and saw 36 of its levels.
You also visited: Sewer and Ice Cave.

You collected 4073 gold pieces.
You spent 1680 gold pieces at shops.

Inventory:

Hand Weapons
 c - the +8 falchion of Cewyu {holy, rN+}
   (You found it on level 4 of the Swamp)

   It has been blessed by the Shining One to cause great damage to the undead
   and demons.
   It protects you from negative energy.
 j - the +4 spear "Baesa" (weapon) {vorpal, *Drain rPois rC+++ Stlth+}
   (You found it on level 3 of the Snake Pit)

   It inflicts extra damage upon your enemies.
   It renders you almost immune to cold.
   It protects you from poison.
   It causes draining when unequipped.
   It makes you more stealthy.
Armour
 E - a scarf of repulsion (worn)
 F - a +2 buckler (worn)
 G - a scarf of resistance
 M - a +1 pair of gloves of dexterity (worn)
 N - a +0 troll leather armour (worn)
 W - the +3 hat of Pondering (worn) {ponderous, MR+ MP+10 Int+5}
   (You took it off Gastronok on level 1 of the Lair of Beasts)

   It affects your intelligence (+5).
   It affects your resistance to hostile enchantments.
   It affects your magic capacity (+10).
Jewellery
 b - a ring of magical power (left hand)
 f - the ring of the Mage (right hand) {Wiz MR++ Int+3}
   (You bought it in a shop on level 14 of the Dungeon)

   [ring of wizardry]

   It improves your spell success rate.
   It affects your intelligence (+3).
   It affects your resistance to hostile enchantments.
 w - the ring of Xakikud {*Slow +Fly rC++ Str+2 SInv}
   (You took it off a deep elf archer on level 3 of the Elven Halls)

   [ring of flight]

   It affects your strength (+2).
   It greatly protects you from cold.
   It lets you see invisible.
   It lets you fly.
   It may slow you when you take damage.
 x - an amulet of reflection (around neck)
 H - an uncursed ring of protection from cold
 O - an uncursed ring of protection from fire
 R - a +4 ring of protection
 T - an uncursed amulet of regeneration
 U - an uncursed ring of resist corrosion
 Z - the ring of Ini Vyar {MR+ Int+6 Slay+3}
   (You took it off a deep elf sorcerer on level 3 of the Elven Halls)

   [ring of intelligence]

   It affects your intelligence (+6).
   It affects your accuracy and damage with ranged weapons and melee attacks
   (+3).
   It affects your resistance to hostile enchantments.
Wands
 v - a wand of disintegration (5)
 C - a wand of iceblast (72)
 D - a wand of digging (4)
 Q - a wand of acid (27)
Scrolls
 a - 13 scrolls of immolation
 d - 8 scrolls of fear
 e - 8 scrolls of enchant weapon
 i - 23 scrolls of remove curse
 l - 14 scrolls of magic mapping
 n - 19 scrolls of teleportation
 o - 7 scrolls of identify
 r - 3 scrolls of blinking
 y - 4 scrolls of summoning
 B - 3 scrolls of holy word
 J - 4 scrolls of fog
Potions
 h - 11 potions of haste
 k - 3 potions of cancellation
 m - 19 potions of curing
 q - 5 potions of stabbing
 s - 3 potions of might
 t - 2 potions of resistance
 u - 7 potions of flight
 I - 4 potions of mutation
 K - 5 potions of magic
 P - 10 potions of ambrosia
 S - 3 potions of brilliance
 X - 2 potions of berserk rage
 Y - a potion of invisibility
Books
 p - a manual of Polearms
Miscellaneous
 L - a condenser vane (2/2)


   Skills:
 + Level 12.9(12.8) Fighting
 + Level 12.9(12.8) Short Blades
 + Level 12.9(12.8) Long Blades
 + Level 12.9(12.8) Axes
 + Level 12.9(12.8) Maces & Flails
 + Level 13.0(12.9) Polearms
 + Level 12.9(12.8) Staves
 + Level 12.9(12.8) Slings
 + Level 12.9(12.8) Bows
 + Level 12.9(12.8) Crossbows
 + Level 12.9(12.8) Throwing
 + Level 12.9(12.8) Armour
 + Level 13.5 Dodging
 + Level 13.4 Stealth
 + Level 12.9(12.8) Shields
 + Level 12.9(12.8) Unarmed Combat
 + Level 13.6 Spellcasting
 + Level 11.1(11.0) Conjurations
 + Level 11.1(11.0) Hexes
 + Level 11.1(11.0) Summonings
 + Level 11.1(11.0) Necromancy
 + Level 11.1(11.0) Translocations
 + Level 11.1(11.0) Transmutations
 + Level 11.1(11.0) Fire Magic
 + Level 12.8 Ice Magic
 + Level 11.1(11.0) Air Magic
 + Level 11.1(11.0) Earth Magic
 + Level 11.1(11.0) Poison Magic
 + Level 13.9(13.8) Invocations
 + Level 12.9(12.8) Evocations


You had 7 spell levels left.
You knew the following spells:

 Your Spells              Type           Power        Failure   Level
a - Sublimation of Blood  Necr           #######...   1%          2
b - Frozen Ramparts       Ice            ######       1%          3
c - Freezing Cloud        Conj/Ice/Air   #######...   1%          6
d - Hailstorm             Conj/Ice       #######.     1%          4
e - Summon Ice Beast      Ice/Summ       #######.     1%          4
f - Bolt of Magma         Conj/Fire/Erth #######...   1%          5
g - Summon Forest         Summ/Tloc      #######...   1%          5
h - Metabolic Englaciati  Hex/Ice        #######...   1%          5
i - Yara's Violent Unrav  Hex/Tmut       #######...   1%          5

Your spell library contained the following spells:

 Spells                   Type           Power        Failure   Level
 Freeze                   Ice            ####         0%          1
 Animate Skeleton         Necr           ######       1%          1
 Magic Dart               Conj           ####         1%          1
 Pain                     Necr           ####         1%          1
 Sandblast                Erth           ######       1%          1
 Shock                    Conj/Air       ####         1%          1
 Sting                    Tmut/Pois      ####         1%          1
 Corpse Rot               Necr/Air       N/A          1%          2
 Ensorcelled Hibernation  Hex/Ice        ######       1%          2
 Passwall                 Tmut/Erth      #######.     1%          2
 Poisonous Vapours        Pois/Air       ######       1%          2
 Searing Ray              Conj           ######       1%          2
 Slow                     Hex            #######.     1%          2
 Swiftness                Air            #######.     1%          2
 Confusing Touch          Hex            #######.     1%          3
 Conjure Flame            Conj/Fire      #######.     1%          3
 Dazzling Flash           Conj/Hex       ######       1%          3
 Gell's Gravitas          Tloc           #######...   1%          3
 Ignite Poison            Fire/Tmut/Pois #######.     1%          3
 Mephitic Cloud           Conj/Pois/Air  #######.     1%          3
 Ozocubu's Armour         Ice            #######.     1%          3
 Portal Projectile        Hex/Tloc       ######       1%          3
 Static Discharge         Conj/Air       #######.     1%          3
 Stone Arrow              Conj/Erth      ######       1%          3
 Tukima's Dance           Hex            #######.     1%          3
 Vampiric Draining        Necr           #######...   1%          3
 Airstrike                Air            #######...   1%          4
 Animate Dead             Necr           #######...   1%          4
 Cause Fear               Hex            #######...   1%          4
 Dispel Undead            Necr           #######.     1%          4
 Fulminant Prism          Conj/Hex       #######...   1%          4
 Iskenderun's Mystic Bla  Conj/Tloc      #######.     1%          4
 Leda's Liquefaction      Hex/Erth       #######...   1%          4
 Olgreb's Toxic Radiance  Pois           #######.     1%          4
 Passage of Golubria      Tloc           N/A          1%          4
 Petrify                  Tmut/Erth      #######.     1%          4
 Agony                    Necr           #######.     1%          5
 Borgnjor's Vile Clutch   Necr/Erth      #######...   1%          5
 Fireball                 Conj/Fire      #######...   1%          5
 Lee's Rapid Deconstruct  Erth           #######...   1%          5
 Lightning Bolt           Conj/Air       #######...   1%          5
 Silence                  Hex/Air        #######...   1%          5
 Conjure Ball Lightning   Conj/Air       #######...   1%          6
 Death Channel            Necr           #######...   1%          6
 Dispersal                Tloc           #######...   1%          6
 Invisibility             Hex            #######.     1%          6
 Iron Shot                Conj/Erth      #######...   1%          6
 Simulacrum               Ice/Necr       #######...   1%          6
 Starburst                Conj/Fire      #######...   1%          6
 Haunt                    Necr/Summ      #######...   9%          7
 Monstrous Menagerie      Summ           #######...   9%          7
 Spellforged Servitor     Conj/Summ      #######...   9%          7
 Borgnjor's Revivificati  Necr           #######...   52%         8
 Discord                  Hex            #######...   52%         8
 Infestation              Necr           #######...   52%         8
 Lehudib's Crystal Spear  Conj/Erth      #######...   52%         8
 Necromutation            Tmut/Necr      #######...   52%         8
 Death's Door             Necr           #######...   100%        9


Dungeon Overview and Level Annotations

Branches:
Dungeon (15/15)            Temple (1/1) D:7            Lair (6/6) D:11
  Swamp (4/4) Lair:3        Snake (4/4) Lair:2        Slime (0/5) Lair:6
    Orc (2/2) D:12            Elf (3/3) Orc:2        Vaults (1/5) D:14
 Depths (0/5) D:15          Sewer (visited)           IceCv (visited)

Altars:
Ashenzari
Cheibriados
Dithmenos
Elyvilon
Fedhas
Gozag
Hepliaklqana
Kikubaaqudgha
Makhleb
Nemelex Xobeh
Okawaru
Qazlal
Ru
Sif Muna
Trog
Uskayaw
Vehumet
Wu Jian
Xom
Yredelemnul
Zin
The Shining One
Beogh
Jiyva

Shops:
D:4 *   D:7 *   D:8 *   D:11 :   D:14 ?=   Orc:2 [}([   Elf:1 (   Snake:1 }
Snake:3 *

Annotations:
D:4 1 runed translucent door, taxman66's ghost, amateur HOMo
Lair:6 1 runed translucent door
Orc:1 2 transporters, Maurice
Elf:2 2 runed translucent doors, exclusion: orange crystal statue


Innate Abilities, Weirdness & Mutations

Your experience applies equally to all skills.
You have very sharp teeth.
Your uncanny sense of smell can sniff out nearby items.


Message History

Casting: Bolt of Magma (mildly dangerous; 1% risk of failure)
Confirm with . or Enter, or press ? or * to list all spells.
The walls around you are covered in ice.
The wall freezes something but do no damage.
Something hits you but does no damage. Something bites you.
* * * LOW HITPOINT WARNING * * *
Something draws strength from your injuries!
Okay, then.
As you read the scroll of teleportation, it crumbles to dust.
You feel strangely unstable.
You feel less invigorated.
The wall freezes something.
Something hits you but does no damage. Something bites you!
* * * LOW HITPOINT WARNING * * *
Something draws strength from your injuries!
The wall freezes something.
Something misses you. Something bites you.
* * * LOW HITPOINT WARNING * * *
Something draws strength from your injuries!
The wall freezes something.
Your ice beast barely misses something.
Unholy energy fills the air.
You die...

##.......:.###.###
#...........######
#...........# #..
#=..........####..
######...........'..).(
#...........[....####..
#...##..........## #..
####.......####..('## ###
#..#...⌠.@.#..#..##.##
#)(#...Y.Y.#[(######.##
#..###)''###..# ##.##
#....))....)).# ##.##
#.#8..[_)..8#.##### ##.##
#...)....[.)..##..# ##.#
#..####§####).#...# ##'
#)(#∆}...∆∆#=[#...#######.
#..#.::."∆ #..#...'....'..


You could see 2 friendly ice beasts.

Vanquished Creatures
  Vashnia (Snake:4)
  A deep elf master archer (Elf:3)
  4 deep elf blademasters (Elf:3)
  Asterion (Elf:3)
  4 nagarajas (Snake:4)
  Roxanne (Swamp:4)
  6 deep elf sorcerers (Elf:3)
  An orc warlord (Orc:2)
  3 deep elf elementalists (Elf:3)
  A reaper (IceCv)
  2 deep elf demonologists (Elf:3)
  4 deep elf annihilators (Elf:3)
  6 deep elf death magi
  A great orb of eyes (D:15)
  A mummy priest (Elf:3)
  8 deep elf high priests (Elf:3)
  Erolcha (D:9)
  6 hydras
  3 vault guards (D:14)
  An ice dragon (D:15)
  Fannar (Orc:1)
  3 naga warriors
  A boulder beetle (D:15)
  A centaur warrior (D:15)
  3 anacondas
  A catoblepas (D:14)
  5 alligators
  A shambling mangrove (Swamp:4)
  5 death yaks (Lair:6)
  A two-headed ogre (D:15)
  12 dancing weapons
  9 naga sharpshooters
  A shock serpent (shapeshifter) (D:15)
  2 vampire magi
  A shock serpent (Snake:1)
  Nergalle (Lair:1)
  17 deep elf knights
  A skeletal warrior (D:15)
  5 swamp dragons
  2 naga ritualists
  12 deep elf archers
  3 necromancers
  2 mana vipers
  An orc knight (Orc:1)
  43 deep elf magi
  A cyclops (D:14)
  4 salamanders
  A guardian serpent (D:10)
  2 frost giant zombies (D:15)
  An elephant (Lair:6)
  13 black mambas
  12 naga magi
  2 ice statues (IceCv)
  7 cane toads
  A rime drake (Lair:3)
  5 komodo dragons
  5 yaktaurs
  An efreet (D:15)
  A kobold demonologist (Elf:3)
  12 ice devils (IceCv)
  2 tengu conjurers (D:15)
  A queen bee (D:10)
  8 polar bears
  3 hornets (Swamp:4)
  4 trolls
  A tyrant leech (Swamp:4)
  2 nameless horrors
  6 blink frogs
  A raiju (Lair:6)
  A dream sheep (Lair:5)
  A slime creature (Swamp:3)
  Sigmund (D:3)
  3 shadows
  2 air elementals (Elf:1)
  A water elemental (Elf:1)
  4 wyverns
  A wraith (D:15)
  3 basilisks
  2 elf zombies
  15 yaks
  Eustachio (D:6)
  4 fire elementals
  A harpy simulacrum (D:15)
  6 insubstantial wisps
  3 wargs
  12 nagas
  2 swamp worms (Swamp:1)
  An acid dragon (D:14)
  9 water moccasins
  8 hell hounds (Lair:6)
  6 swamp drakes
  7 black bears
  2 phantoms (D:12)
  14 orc warriors
  2 sky beasts
  An elephant zombie (Lair:4)
  9 ogres
  4 boggarts
  8 wolves
  6 centaurs
  12 bullfrogs
  2 big kobolds
  A gnoll sergeant (D:8)
  An earth elemental (Elf:2)
  4 scorpions
  15 killer bees (D:10)
  A howler monkey (D:5)
  4 quasits
  2 jellies
  9 orc priests
  A gnoll shaman (D:8)
  9 hounds
  3 centaur skeletons
  12 orc wizards
  7 hell rats (Lair:2)
  2 iguanas
  10 worker ants
  2 ogre zombies (D:12)
  A hound skeleton (D:11)
  A howler monkey zombie (D:11)
  8 gnolls
  2 howler monkey skeletons
  2 river rats
  7 adders
  7 white imps
  3 ufetubi (IceCv)
  3 oozes
  A dart slug (D:1)
  7 leopard geckos
  50 orcs
  3 ball pythons
  8 bats
  7 giant cockroaches
  10 goblins
  4 hobgoblins
  14 jackals
  4 quokkas
  5 frilled lizards
  A hobgoblin skeleton (D:12)
  A hobgoblin zombie (D:12)
  A jackal skeleton (D:4)
  22 kobolds
  A leopard gecko skeleton (D:4)
  2 orc skeletons (D:12)
  8 orc zombies (D:12)
  A quokka zombie (D:5)
  10 rats
  5 crawling corpses (Elf:3)
722 creatures vanquished.

Vanquished Creatures (collateral kills)
  Gastronok (Lair:1)
  Donald (Snake:4)
  2 thorn hunters (Swamp:4)
  A nagaraja (Snake:4)
  A deep elf sorcerer (Vaults:1)
  Aizul (Snake:4)
  Louise (Swamp:3)
  3 deep elf elementalists (Elf:3)
  2 ironheart preservers (Vaults:1)
  2 deep elf demonologists (Elf:3)
  2 deep elf death magi (Elf:3)
  5 deep elf annihilators (Elf:3)
  The ghost of Vig Uhad the Martial Artist, a journeyman OpTm of Cheibriados (Lair:5)
  3 deep elf high priests (Elf:3)
  A fire dragon (Lair:6)
  5 vault guards (D:14)
  13 hydras
  8 naga warriors
  3 shambling mangroves (Swamp:4)
  2 catoblepae (Lair:5)
  2 ghost crabs (Swamp:4)
  2 dancing weapons (Elf:2)
  6 alligators
  A centaur warrior (D:15)
  6 two-headed ogres
  A death yak (Lair:6)
  An ogre mage (D:15)
  8 naga sharpshooters
  4 shock serpents
  3 orc high priests
  Urug (Orc:1)
  2 deep elf knights
  A small abomination (Elf:3)
  A deep troll (Vaults:1)
  3 deep elf archers
  9 swamp dragons
  2 naga ritualists (Snake:4)
  24 deep elf magi
  An oklob plant (Lair:6)
  3 orc knights
  2 necromancers (Elf:1)
  3 mana vipers
  3 orc sorcerers
  7 ugly things
  A cyclops (D:15)
  8 elephants
  A salamander (Snake:1)
  13 naga magi
  A vault sentinel (Vaults:1)
  A spriggan zombie (D:15)
  Joseph (Lair:1)
  7 black mambas
  10 cane toads
  An efreet (D:14)
  Maggie (D:6)
  3 rime drakes
  2 kobold demonologists
  4 komodo dragons
  A yaktaur (Vaults:1)
  A guardian mummy (D:15)
  3 tyrant leeches
  4 trolls
  3 polar bears (Lair:6)
  Grinder (D:5)
  A nameless horror (D:8)
  5 hornets
  3 large abominations (Elf:1)
  10 bog bodies
  6 dream sheep
  7 blink frogs
  14 slime creatures
  A water elemental (Elf:2)
  2 air elementals
  2 spriggans (Swamp:4)
  A shadow (D:13)
  A tarantella (shapeshifter) (Elf:3)
  5 basilisks
  15 yaks
  2 wraiths
  Grum (D:8)
  4 steam dragons
  9 vampire mosquitoes
  15 insubstantial wisps
  9 swamp worms
  16 nagas
  2 acid dragons (Lair:6)
  7 wargs
  6 hell hounds (Lair:6)
  6 water moccasins
  13 swamp drakes
  6 black bears (Lair:6)
  2 phantoms
  17 orc warriors
  An ice beast (D:10)
  9 boggarts
  An eye of draining (D:15)
  8 ogres
  2 necrophages
  15 centaurs
  13 wolves
  A big kobold (D:10)
  2 bullfrogs
  2 water moccasin zombies
  2 scorpions
  2 troll zombies (D:12)
  12 killer bees (D:10)
  4 electric eels (Lair:4)
  4 wights (D:15)
  A centaur zombie (D:5)
  A hound (D:8)
  A jelly (D:15)
  2 basilisk zombies (Lair:4)
  10 orc priests
  A bullfrog skeleton (D:4)
  11 orc wizards
  5 iguanas (Lair:6)
  2 worker ants
  4 ogre zombies (D:12)
  4 gnolls (D:8)
  6 white imps
  An ufetubus (IceCv)
  29 orcs
  A bat (Orc:2)
  A jackal (D:8)
  A kobold (D:10)
  2 goblin skeletons (D:12)
  3 goblin zombies (D:12)
  2 orc skeletons (D:12)
  6 orc zombies (D:12)
  A quokka skeleton (D:9)
  A quokka zombie (D:7)
  20 briar patches (Swamp:4)
  3 crawling corpses (Elf:3)
606 creatures vanquished.

Vanquished Creatures (others)
  2 deep elf knights (Elf:1)
  A deep elf archer (Elf:1)
  A water elemental (Elf:1)
  An ogre (Orc:1)
  An elf zombie (Elf:1)
  6 ufetubi (IceCv)
  16 fungi
  92 plants
  21 snaplasher vines
  3 withered plants (D:15)
144 creatures vanquished.

Grand Total: 1472 creatures vanquished

Notes
Turn   | Place    | Note
-------+----------+-------------------------------------------
     0 | D:1      | robertstho the Gnoll Ice Elementalist began the quest for
                  | the Orb.
     0 | D:1      | Reached XP level 1. HP: 13/13 MP: 6/6
    54 | D:1      | Reached XP level 2. HP: 7/19 MP: 0/7
   599 | D:1      | Reached XP level 3. HP: 25/25 MP: 9/9
   605 | D:1      | Reached skill level 5 in Spellcasting
  1020 | D:2      | Reached skill level 1 in Invocations
  1157 | D:2      | Reached skill level 1 in Fighting
  1157 | D:2      | Reached skill level 1 in Short Blades
  1157 | D:2      | Reached skill level 1 in Long Blades
  1157 | D:2      | Reached skill level 1 in Axes
  1157 | D:2      | Reached skill level 1 in Maces & Flails
  1157 | D:2      | Reached skill level 1 in Polearms
  1157 | D:2      | Reached skill level 1 in Staves
  1157 | D:2      | Reached skill level 1 in Slings
  1157 | D:2      | Reached skill level 1 in Bows
  1157 | D:2      | Reached skill level 1 in Crossbows
  1157 | D:2      | Reached skill level 1 in Throwing
  1157 | D:2      | Reached skill level 1 in Armour
  1157 | D:2      | Reached skill level 1 in Shields
  1157 | D:2      | Reached skill level 1 in Unarmed Combat
  1157 | D:2      | Reached skill level 1 in Evocations
  1498 | D:2      | Reached XP level 4. HP: 32/32 MP: 8/11
  1756 | D:2      | Learned a level 3 spell: Frozen Ramparts
  1760 | D:2      | Learned a level 3 spell: Ozocubu's Armour
  1765 | D:2      | Learned a level 4 spell: Hailstorm
  1900 | D:3      | Reached skill level 1 in Conjurations
  1900 | D:3      | Reached skill level 1 in Hexes
  1900 | D:3      | Reached skill level 1 in Summonings
  1900 | D:3      | Reached skill level 1 in Necromancy
  1900 | D:3      | Reached skill level 1 in Translocations
  1900 | D:3      | Reached skill level 1 in Transmutations
  1900 | D:3      | Reached skill level 1 in Fire Magic
  1900 | D:3      | Reached skill level 1 in Air Magic
  1900 | D:3      | Reached skill level 1 in Earth Magic
  1900 | D:3      | Reached skill level 1 in Poison Magic
  1904 | D:3      | Reached XP level 5. HP: 37/37 MP: 8/12
  1959 | D:3      | Noticed Sigmund
  1970 | D:3      | Killed Sigmund
  1970 | D:3      | Reached skill level 5 in Dodging
  1970 | D:3      | Reached XP level 6. HP: 34/44 MP: 11/14
  2712 | D:4      | Reached XP level 7. HP: 50/50 MP: 10/15
  2741 | D:4      | Learned a level 4 spell: Summon Ice Beast
  3022 | D:4      | Noticed a nameless horror
  3041 | D:4      | Killed a nameless horror
  3163 | D:4      | Found a basalt altar of Yredelemnul.
  3276 | D:4      | Found Hiar Moimp's General Store.
  3279 | D:4      | Bought a scroll of teleportation for 39 gold pieces
  3279 | D:4      | Bought a scroll of random uselessness for 13 gold pieces
  3279 | D:4      | Bought a potion of might for 52 gold pieces
  3279 | D:4      | Bought a scroll of amnesia for 45 gold pieces
  3339 | D:4      | Found a glowing drain.
  3344 | Sewer    | Entered a sewer
  3445 | Sewer    | Reached skill level 5 in Stealth
  3548 | Sewer    | Found a white marble altar of Elyvilon.
  3891 | D:4      | Found a runed translucent door.
  3891 | D:4      | Noticed taxman66's ghost (amateur HOMo)
  3944 | D:5      | Entered Level 5 of the Dungeon
  3986 | D:5      | Reached XP level 8. HP: 57/57 MP: 13/16
  4729 | D:5      | Noticed a water elemental
  4731 | D:5      | Found a stormy altar of Qazlal.
  4732 | D:5      | Noticed an air elemental
  5031 | D:5      | Found an ornate altar of the Wu Jian Council.
  5374 | D:6      | Noticed Grinder
  5643 | D:5      | Killed Grinder
  5851 | D:6      | Noticed Eustachio
  5858 | D:6      | Reached XP level 9. HP: 65/65 MP: 15/18
  5862 | D:6      | Killed Eustachio
  5920 | D:6      | Noticed Maggie
  5932 | D:6      | Killed Maggie
  6096 | D:6      | Found an ornate altar of the Wu Jian Council.
  6981 | D:7      | Found a staircase to the Ecumenical Temple.
  6999 | Temple   | Entered the Ecumenical Temple
  7096 | Temple   | Became a worshipper of Sif Muna the Loreminder
  7407 | D:7      | Found Zyaxziresh's Assorted Antiques.
  7410 | D:7      | Bought a scroll labeled LYKLYITILA for 27 gold pieces
  7410 | D:7      | Bought a scroll of identify for 54 gold pieces
  7410 | D:7      | Bought a scroll labeled DEN WIJUSOUT for 27 gold pieces
  7410 | D:7      | Bought a scroll labeled LYKLYITILA for 27 gold pieces
  7669 | D:8      | Found Mimipudgh's Assorted Antiques.
  7781 | D:8      | Found a white marble altar of Elyvilon.
  7894 | D:8      | Reached skill level 5 in Invocations
  8040 | D:8      | Noticed Grum
  8048 | D:8      | Noticed a nameless horror
  8050 | D:8      | Killed Grum
  8052 | D:8      | Killed a nameless horror
  8224 | D:8      | Noticed a two-headed ogre
  8232 | D:8      | Killed a two-headed ogre
  8232 | D:8      | Reached XP level 10. HP: 73/73 MP: 4/20
  8247 | D:8      | Reached * piety under Sif Muna
  8572 | D:8      | Reached skill level 5 in Fighting
  8572 | D:8      | Reached skill level 5 in Short Blades
  8572 | D:8      | Reached skill level 5 in Long Blades
  8572 | D:8      | Reached skill level 5 in Axes
  8572 | D:8      | Reached skill level 5 in Maces & Flails
  8572 | D:8      | Reached skill level 5 in Polearms
  8572 | D:8      | Reached skill level 5 in Staves
  8572 | D:8      | Reached skill level 5 in Slings
  8572 | D:8      | Reached skill level 5 in Bows
  8572 | D:8      | Reached skill level 5 in Crossbows
  8572 | D:8      | Reached skill level 5 in Throwing
  8572 | D:8      | Reached skill level 5 in Armour
  8572 | D:8      | Reached skill level 5 in Shields
  8572 | D:8      | Reached skill level 5 in Unarmed Combat
  8572 | D:8      | Reached skill level 5 in Evocations
  8919 | D:9      | Identified the Guide on the Destructive Voyage
  9056 | D:8      | Bought a transparent spear for 200 gold pieces
  9056 | D:8      | Bought a scroll of identify for 50 gold pieces
  9056 | D:8      | Bought a fuming dark potion for 22 gold pieces
  9057 | D:8      | Identified the +2 spear "Udghytie" {holy, Str+6 Int+3} (You
                  | bought it in a shop on level 8 of the Dungeon)
  9305 | D:9      | Noticed Erolcha
  9325 | D:9      | Killed Erolcha
  9615 | D:9      | Found a broken altar of Ashenzari.
 10083 | D:9      | Found a snail-covered altar of Cheibriados.
 10086 | D:9      | Found a radiant altar of Vehumet.
 10089 | D:9      | Found a sparkling altar of Nemelex Xobeh.
 10092 | D:9      | Found an iron altar of Okawaru.
 10338 | D:10     | Entered Level 10 of the Dungeon
 10487 | D:10     | Reached ** piety under Sif Muna
 10938 | D:10     | Reached XP level 11. HP: 75/81 MP: 9/22
 11769 | D:10     | Reached skill level 5 in Conjurations
 11769 | D:10     | Reached skill level 5 in Hexes
 11769 | D:10     | Reached skill level 5 in Summonings
 11769 | D:10     | Reached skill level 5 in Necromancy
 11769 | D:10     | Reached skill level 5 in Translocations
 11769 | D:10     | Reached skill level 5 in Transmutations
 11769 | D:10     | Reached skill level 5 in Fire Magic
 11769 | D:10     | Reached skill level 5 in Air Magic
 11769 | D:10     | Reached skill level 5 in Earth Magic
 11769 | D:10     | Reached skill level 5 in Poison Magic
 11924 | D:11     | Reached *** piety under Sif Muna
 11992 | D:11     | Found Leiskoal's Book Boutique.
 11996 | D:11     | Noticed an eight-headed hydra
 12005 | D:11     | Killed an eight-headed hydra
 12120 | D:11     | Noticed a brown ugly thing
 12129 | D:11     | Killed a brown ugly thing
 12539 | D:11     | Found a staircase to the Lair.
 12726 | D:11     | Noticed a four-headed hydra
 12741 | D:11     | Killed a four-headed hydra
 13133 | D:12     | Found the +10 tower shield of Ignorance {rN+ Int-4}
 13226 | D:12     | Noticed a two-headed ogre
 13242 | D:12     | Killed a two-headed ogre
 13452 | D:12     | Found a staircase to the Orcish Mines.
 13486 | D:12     | Reached **** piety under Sif Muna
 14580 | D:13     | Learned a level 5 spell: Bolt of Magma
 14793 | D:13     | Reached XP level 12. HP: 89/89 MP: 20/24
 15942 | D:14     | Noticed a vault guard
 15942 | D:14     | Noticed a vault guard
 15942 | D:14     | Noticed a vault guard
 15942 | D:14     | Noticed a vault guard
 15943 | D:14     | Found a gate to the Vaults.
 15943 | D:14     | Noticed a vault guard
 15943 | D:14     | Noticed a vault guard
 15944 | D:14     | Noticed a vault guard
 15945 | D:14     | Noticed a vault guard
 15961 | D:14     | Killed a vault guard
 15966 | D:14     | Killed a vault guard
 15972 | D:14     | Killed a vault guard
 15973 | D:14     | Killed a vault guard
 15978 | D:14     | Killed a vault guard
 16038 | Lair:1   | Entered Level 1 of the Lair of Beasts
 16038 | Lair:1   | Noticed Gastronok
 16057 | Lair:1   | Killed Gastronok
 16430 | Lair:1   | Noticed Nergalle
 16444 | Lair:1   | Killed Nergalle
 16623 | Lair:1   | Found a frozen archway.
 16643 | IceCv    | Entered an ice cave
 16649 | IceCv    | Reached ***** piety under Sif Muna
 16737 | IceCv    | Learned a level 5 spell: Summon Forest
 16838 | IceCv    | Identified Sif Muna's Collected Works on Supportive
                  | Translocation (Sif Muna gifted it to you in an ice cave)
 16838 | IceCv    | Received a gift from Sif Muna
 17169 | IceCv    | Reached XP level 13. HP: 67/98 MP: 3/26
 17608 | IceCv    | Noticed a reaper
 17658 | IceCv    | Killed a reaper
 18503 | Lair:1   | Noticed Joseph
 18513 | Lair:1   | Killed Joseph
 19101 | Lair:2   | Found a staircase to the Snake Pit.
 19954 | Lair:3   | Reached skill level 10 in Ice Magic
 20338 | Lair:3   | Found a staircase to the Swamp.
 21848 | Lair:5   | HP: 1/99 [something/blast of calcifying dust (11)]
 22078 | Lair:5   | Found a runed translucent door.
 22082 | Lair:5   | Noticed Vig Uhad's ghost (journeyman OpTm)
 22102 | Lair:5   | Killed Vig Uhad's ghost
 22102 | Lair:5   | Reached skill level 10 in Spellcasting
 23185 | Lair:6   | Entered Level 6 of the Lair of Beasts
 23362 | Lair:6   | Reached XP level 14. HP: 106/106 MP: 27/28
 23377 | Lair:6   | Reached skill level 10 in Dodging
 23838 | Lair:6   | Reached skill level 10 in Stealth
 24113 | Lair:6   | Found a runed translucent door.
 24113 | Lair:6   | Found a viscous altar of Jiyva.
 24114 | Lair:6   | Found a staircase to the Slime Pits.
 24595 | Lair:6   | Received a gift from Sif Muna
 24729 | Lair:6   | Reached skill level 10 in Invocations
 26415 | Orc:1    | Entered Level 1 of the Orcish Mines
 26476 | Orc:1    | Noticed Urug
 26477 | Orc:1    | Noticed Fannar
 26483 | Orc:1    | Identified Sif Muna's Reference Book on Malediction and
                  | Venom (Sif Muna gifted it to you on level 1 of the Orcish
                  | Mines)
 26483 | Orc:1    | Received a gift from Sif Muna
 26491 | Orc:1    | Killed Fannar
 26518 | Orc:1    | Killed Urug
 26813 | Orc:1    | Found a transporter.
 26813 | Orc:1    | Found a transporter.
 26817 | Orc:1    | Noticed Maurice
 26818 | Orc:1    | Found a roughly hewn altar of Beogh.
 27342 | Orc:2    | Entered Level 2 of the Orcish Mines
 27422 | Orc:2    | Found a roughly hewn altar of Beogh.
 27480 | Orc:2    | Found a staircase to the Elven Halls.
 27643 | Orc:2    | Noticed an orc warlord
 27701 | Orc:2    | Killed an orc warlord
 27796 | Orc:2    | Found a roughly hewn altar of Beogh.
 27928 | Orc:2    | Found Qorcha Jelo's Antique Weapon Shoppe.
 27929 | Orc:2    | Found a roughly hewn altar of Beogh.
 27972 | Orc:2    | Found a roughly hewn altar of Beogh.
 27982 | Orc:2    | Identified Sif Muna's Compendium of Ensnaring Darkness (Sif
                  | Muna gifted it to you on level 2 of the Orcish Mines)
 27982 | Orc:2    | Received a gift from Sif Muna
 28175 | Orc:2    | Found a roughly hewn altar of Beogh.
 28251 | Orc:2    | Found a roughly hewn altar of Beogh.
 28252 | Orc:2    | Found Cizixt's Armour Shop.
 28344 | Orc:2    | Found a roughly hewn altar of Beogh.
 28372 | Orc:2    | Found Eleex's Gadget Emporium.
 28787 | Orc:2    | Found Ceacif's Antique Armour Emporium.
 28802 | Orc:2    | Bought a twisted hat for 171 gold pieces
 28812 | Orc:2    | Identified the +3 hat of the Game Afoot {rF- rN+ Str+3
                  | Int+4} (You bought it in a shop on level 2 of the Orcish
                  | Mines)
 28962 | Orc:2    | Learned a level 5 spell: Metabolic Englaciation
 29165 | Swamp:1  | Entered Level 1 of the Swamp
 29340 | Swamp:1  | Reached XP level 15. HP: 109/115 MP: 29/29
 30297 | Swamp:1  | Identified Sif Muna's Collected Works on the Damaging Birds
                  | (Sif Muna gifted it to you on level 1 of the Swamp)
 30297 | Swamp:1  | Received a gift from Sif Muna
 31892 | Swamp:3  | Noticed Louise
 31913 | Swamp:3  | Reached skill level 10 in Fighting
 31913 | Swamp:3  | Reached skill level 10 in Short Blades
 31913 | Swamp:3  | Reached skill level 10 in Long Blades
 31913 | Swamp:3  | Reached skill level 10 in Axes
 31913 | Swamp:3  | Reached skill level 10 in Maces & Flails
 31913 | Swamp:3  | Reached skill level 10 in Polearms
 31913 | Swamp:3  | Reached skill level 10 in Staves
 31913 | Swamp:3  | Reached skill level 10 in Slings
 31913 | Swamp:3  | Reached skill level 10 in Bows
 31913 | Swamp:3  | Reached skill level 10 in Crossbows
 31913 | Swamp:3  | Reached skill level 10 in Throwing
 31913 | Swamp:3  | Reached skill level 10 in Armour
 31913 | Swamp:3  | Reached skill level 10 in Shields
 31913 | Swamp:3  | Reached skill level 10 in Unarmed Combat
 31913 | Swamp:3  | Reached skill level 10 in Evocations
 31950 | Swamp:3  | Killed Louise
 33233 | Swamp:4  | Entered Level 4 of the Swamp
 33415 | Swamp:4  | Noticed a thorn hunter
 33443 | Swamp:4  | Killed a thorn hunter
 34070 | Swamp:4  | Noticed a thorn hunter
 34078 | Swamp:4  | Killed a thorn hunter
 34542 | Swamp:4  | Noticed Roxanne
 34594 | Swamp:4  | Killed Roxanne
 34822 | Swamp:4  | Got a decaying rune of Zot
 34825 | Swamp:4  | Got a crystal falchion
 34826 | Swamp:4  | Identified the +8 falchion of Cewyu {holy, rN+} (You found
                  | it on level 4 of the Swamp)
 35411 | Snake:1  | Entered Level 1 of the Snake Pit
 35891 | Snake:1  | Reached XP level 16. HP: 123/123 MP: 31/31
 36246 | Snake:1  | Found Lewuunn's Gadget Shoppe.
 38711 | Snake:3  | Identified Sif Muna's Disquisition on Doomed Combat Magic
                  | (Sif Muna gifted it to you on level 3 of the Snake Pit)
 38711 | Snake:3  | Received a gift from Sif Muna
 38723 | Snake:3  | Got a polished spear
 38723 | Snake:3  | Identified the +4 spear "Baesa" {vorpal, *Drain rPois rC+++
                  | Stlth+} (You found it on level 3 of the Snake Pit)
 38859 | Snake:3  | Found Uvievebu's General Store.
 38983 | Snake:4  | Entered Level 4 of the Snake Pit
 38983 | Snake:4  | Noticed Aizul
 38992 | Snake:4  | Killed Aizul
 39001 | Snake:4  | Noticed a nagaraja
 39016 | Snake:4  | Noticed a nagaraja
 39019 | Snake:4  | Killed a nagaraja
 39029 | Snake:4  | Noticed Donald
 39033 | Snake:4  | Killed a nagaraja
 39431 | Snake:4  | Noticed Vashnia
 39453 | Snake:4  | Killed Vashnia
 39495 | Snake:4  | Killed Donald
 39671 | Snake:3  | Learned a level 2 spell: Sublimation of Blood
 39678 | Snake:3  | Learned a level 6 spell: Freezing Cloud
 40290 | Snake:4  | Noticed a nagaraja
 40310 | Snake:4  | Killed a nagaraja
 40338 | Snake:4  | Noticed a nagaraja
 40539 | Snake:4  | Reached XP level 17. HP: 65/131 MP: 9/33
 40862 | Snake:4  | Got a serpentine rune of Zot
 41952 | D:14     | Found Usuiclireun's Jewellery Shoppe.
 42002 | D:14     | Bought the ring of the Mage {Wiz MR++ Int+3} for 568 gold
                  | pieces
 42002 | D:14     | Found the ring of the Mage {Wiz MR++ Int+3}
 42047 | D:14     | Found Avysusto's Magic Scroll Shoppe.
 42056 | D:14     | Bought a scroll of identify for 36 gold pieces
 42056 | D:14     | Bought a scroll of identify for 36 gold pieces
 42056 | D:14     | Bought a scroll of summoning for 171 gold pieces
 42064 | D:14     | Reached XP level 18. HP: 138/138 MP: 34/34
 42395 | Vaults:1 | Entered Level 1 of the Vaults
 42643 | Orc:2    | Bought a pair of embroidered gloves for 142 gold pieces
 43080 | D:15     | Entered Level 15 of the Dungeon
 44156 | D:15     | Found a white marble altar of Elyvilon.
 44377 | D:15     | Reached skill level 10 in Conjurations
 44377 | D:15     | Reached skill level 10 in Hexes
 44377 | D:15     | Reached skill level 10 in Summonings
 44377 | D:15     | Reached skill level 10 in Necromancy
 44377 | D:15     | Reached skill level 10 in Translocations
 44377 | D:15     | Reached skill level 10 in Transmutations
 44377 | D:15     | Reached skill level 10 in Fire Magic
 44377 | D:15     | Reached skill level 10 in Air Magic
 44377 | D:15     | Reached skill level 10 in Earth Magic
 44377 | D:15     | Reached skill level 10 in Poison Magic
 44619 | D:15     | Identified Sif Muna's Catalogue of Dark Battle Magic (Sif
                  | Muna gifted it to you on level 15 of the Dungeon)
 44619 | D:15     | Received a gift from Sif Muna
 44782 | D:15     | Found a staircase to the Depths.
 45529 | Elf:1    | Entered Level 1 of the Elven Halls
 45781 | Elf:1    | Found Jigiafog's Weapon Shop.
 46300 | Elf:1    | Identified the Papyrus of Darkness
 47060 | Elf:2    | Found a runed translucent door.
 47119 | Elf:2    | Found a runed translucent door.
 47692 | Elf:2    | Reached XP level 19. HP: 146/146 MP: 35/35
 48722 | Elf:3    | Entered Level 3 of the Elven Halls
 49089 | Elf:3    | Learned a level 5 spell: Yara's Violent Unravelling
 49649 | Elf:3    | Identified Ofaulera's Papyrus of Intoxication and Attacks
                  | (Sif Muna gifted it to you on level 3 of the Elven Halls)
 49649 | Elf:3    | Received a gift from Sif Muna
 50802 | Elf:3    | Identified the ring of Xakikud {*Slow +Fly rC++ Str+2 SInv}
 50963 | Elf:3    | Identified the +8 broad axe "Puanion" {freeze, +Inv}
 51158 | Elf:3    | Identified the ring of Ini Vyar {MR+ Int+6 Slay+3}
 51397 | Elf:3    | Reached XP level 20. HP: 155/155 MP: 11/37
 51887 | Elf:3    | Upgraded the game from 0.26-a0-660-gc07710193c to
                  | 0.26-a0-661-g406de6ba63
 52189 | Elf:3    | Found a shimmering blue altar of Sif Muna.
 52191 | Elf:3    | Noticed Asterion
 52195 | Elf:3    | Identified the amulet "Wodoxkiw" {Acrobat rPois rC- Stlth+}
 52206 | Elf:3    | Killed Asterion
 52430 | Elf:3    | Killed from afar by a vampire mage

Illustrated notes

Levels and vault maps discovered:
D:1:      lightli_arrival_statue_moat, layout_basic
D:2:      minmay_alternating_diamond, layout_loops_ring, minmay_misc_feat_doors
D:3:      layout_loops_ring, minmay_misc_feat_encased, uniq_sigmund
D:4:      layout_loops_ring, lemuel_coloured_pillars_altar, serial_shops,
          kennysheep_mini, portal_sewer_entry_e, gammafunk_ghost_grave
D:5:      layout_loops_ring, nicolae_overflow_crystal_walls,
          nicolae_qazlal_style_of_elements
D:6:      layout_basic, basic_altar, uniq_grinder, uniq_eustachio, uniq_maggie
D:7:      layout_basic, minmay_temple_entry_tees, serial_shops,
          nicolae_shop_behind_doors
D:8:      layout_cave_pools, overflow_temple_1_default, serial_gnoll_camp,
          gnoll_camp_mini_hut, gnoll_camp_medium_02, grums_kennel,
          gnoll_camp_mini_hut, gnoll_camp_mini_hut, serial_shops,
          nicolae_shop_crystal
D:9:      layout_loops_ring, grunt_temple_overflow_cloverleaf,
          lemuel_doored_altar, uniq_erolcha
D:10:     layout_long_grid, special_room [special_room_bee],
          nrook_guardian_serpent_ordinary
D:11:     layout_rooms, minmay_lair_entry_grove, serial_shops, shop_statue
D:12:     layout_layer_cave, zombieorc2_lemuel
D:13:     layout_stronghold
D:14:     layout_rooms, erik_vaults_2, serial_shops, shop, shop
D:15:     gammafunk_depths_entry_grave, layout_basic, old_standard_altar,
          minmay_pinched_square
Temple:   dshaligram_water_room_temple
Lair:1:   layout_regular_city, portal_ice_cave_entry_pillars_1,
          grunt_megastairs_2, uniq_joseph, uniq_gastronok, uniq_nergalle
Lair:2:   layout_chaotic_city, dummy_snake_entry, minivault_27
Lair:3:   layout_loops_ring, skrybe_swamp_entry_bodies
Lair:4:   pond_and_an_island_with_a_cottage, layout_gridlike,
          serial_bayou_shore_b
Lair:5:   layout_cave_shapes, ebering_ghost_reflecting_pool
Lair:6:   hangedman_lair_caniforms_friends, layout_small_grid,
          guppyfry_lair_end_dragon, slime_altar_2, lemuel_fruit_tree
Swamp:1:  layout_basic_swamp, evilmike_swamp_ruin_house_4, swamp_pool1
Swamp:2:  layout_basic_swamp, nicolae_swamp_little_tower, swamp_pool4
Swamp:3:  layout_basic_swamp, nicolae_swamp_very_dense_foliage, uniq_louise
Swamp:4:  swamp, layout_basic_swamp, uniq_roxanne
Snake:1:  layout_chambers, serial_shops, shop
Snake:2:  layout_honeycomb
Snake:3:  layout_misc_corridors, serial_shops, shop,
          nicolae_snake_round_shape_thing, hangedman_venom_bottle
Snake:4:  snake_pit, layout_cave_town, drop_trap, st_stairs_14, uniq_aizul,
          uniq_donald, uniq_vashnia
Orc:1:    gammafunk_beogh_shrine, layout_caves, uniq_maurice, uniq_fannar,
          uniq_urug, uniq_josephine
Orc:2:    grunt_orc_community_town_hall, layout_caves,
          grunt_orc_community_big_house_1, grunt_orc_community_big_house_2,
          grunt_orc_community_house_2, grunt_orc_community_house_3,
          grunt_orc_community_house_2, grunt_orc_community_house_3,
          grunt_orc_community_house_1, mines_bat_river
Elf:1:    eino_elf_arrival_the_gate, layout_rooms, serial_shops,
          nicolae_shop_crystal, minmay_elf_necromancy
Elf:2:    layout_onion_city, minivault_15, minivault_20
Elf:3:    minmay_elf_hall_hex, layout_geoelf_octagon, hangedman_summoners_spam,
          uniq_asterion
Vaults:1: v_misc_22, ontoclasm_vaults_gallery, v_misc_26,
          nicolae_vaults_network_quincunx
          [nicolae_vaults_network_quincunx_subvault,
          nicolae_vaults_network_quincunx_subvault,
          nicolae_vaults_network_quincunx_subvault,
          nicolae_vaults_network_quincunx_subvault,
          nicolae_vaults_network_quincunx_subvault], v_rooms_5,
          nicolae_vaults_little_squares_4, grunt_vaults_bifocal,
          vaults_room_grunt_arrival_ludios, vaults_room_hallway,
          nicolae_vaults_shelves_hall, nicolae_vaults_hallways_thing,
          nicolae_vaults_alarming, vaults_room_semicircle,
          nicolae_vaults_yaktaur_gun_rack, nicolae_vaults_diagonal_hallway_7,
          layout_vaults_omnibox

Skill      XL: |  1  2  3  4  5  6  7  8  9 10 11 12 13 14 15 16 17 18 19 20 |
---------------+-------------------------------------------------------------+-----
Spellcasting   | 5 6 7 8 9 10 11 12 13 | 13.6
Invocations    | 1 2 3 4 5 6 7 8 9 10 11 12 13 | 13.9
Fighting       | 1 2 3 4 5 6 7 8 9 10 11 12 | 12.9
Short Blades   | 1 2 3 4 5 6 7 8 9 10 11 12 | 12.9
Long Blades    | 1 2 3 4 5 6 7 8 9 10 11 12 | 12.9
Axes           | 1 2 3 4 5 6 7 8 9 10 11 12 | 12.9
Maces & Flails | 1 2 3 4 5 6 7 8 9 10 11 12 | 12.9
Polearms       | 1 2 3 4 5 6 7 8 9 10 11 12 13 | 13.0
Staves         | 1 2 3 4 5 6 7 8 9 10 11 12 | 12.9
Slings         | 1 2 3 4 5 6 7 8 9 10 11 12 | 12.9
Bows           | 1 2 3 4 5 6 7 8 9 10 11 12 | 12.9
Crossbows      | 1 2 3 4 5 6 7 8 9 10 11 12 | 12.9
Throwing       | 1 2 3 4 5 6 7 8 9 10 11 12 | 12.9
Armour         | 1 2 3 4 5 6 7 8 9 10 11 12 | 12.9
Shields        | 1 2 3 4 5 6 7 8 9 10 11 12 | 12.9
Unarmed Combat | 1 2 3 4 5 6 7 8 9 10 11 12 | 12.9
Evocations     | 1 2 3 4 5 6 7 8 9 10 11 12 | 12.9
Conjurations   | 1 2 3 4 5 6 7 8 9 10 11 | 11.1
Hexes          | 1 2 3 4 5 6 7 8 9 10 11 | 11.1
Summonings     | 1 2 3 4 5 6 7 8 9 10 11 | 11.1
Necromancy     | 1 2 3 4 5 6 7 8 9 10 11 | 11.1
Translocations | 1 2 3 4 5 6 7 8 9 10 11 | 11.1
Transmutations | 1 2 3 4 5 6 7 8 9 10 11 | 11.1
Fire Magic     | 1 2 3 4 5 6 7 8 9 10 11 | 11.1
Air Magic      | 1 2 3 4 5 6 7 8 9 10 11 | 11.1
Earth Magic    | 1 2 3 4 5 6 7 8 9 10 11 | 11.1
Poison Magic   | 1 2 3 4 5 6 7 8 9 10 11 | 11.1
Dodging        | 5 6 7 8 9 10 11 12 13 | 13.5
Stealth        | 5 6 7 8 9 10 11 12 13 | 13.4
Ice Magic      | 8 9 10 11 12 | 12.8

Action                   |  1- 3 |  4- 6 |  7- 9 | 10-12 | 13-15 | 16-18 | 19-21 || total
-------------------------+-------+-------+-------+-------+-------+-------+-------++-------
Melee: Unarmed           |     1 |       |       |       |       |       |       ||     1
       Short sword       |    29 |     9 |   136 |     1 |       |       |       ||   175
       Bite              |     1 |     2 |    20 |    24 |    19 |    33 |     5 ||   104
       Punch             |       |       |     1 |       |       |       |       ||     1
       Spear             |       |       |       |   211 |   144 |   178 |    32 ||   565
       Falchion          |       |       |       |       |     3 |    61 |       ||    64
 Cast: Freeze            |    27 |     5 |     4 |     3 |     2 |       |       ||    41
       Frozen Ramparts   |       |    14 |    51 |    92 |    95 |    86 |    10 ||   348
       Summon Ice Beast  |       |       |    40 |    95 |   419 |   291 |   118 ||   963
       Hailstorm         |       |       |     1 |       |     5 |     2 |     1 ||     9
       Bolt of Magma     |       |       |       |    28 |   184 |   114 |    58 ||   384
       Summon Forest     |       |       |       |       |    68 |    37 |     6 ||   111
       Metabolic Englaci |       |       |       |       |    34 |    45 |     8 ||    87
       Freezing Cloud    |       |       |       |       |       |    12 |    88 ||   100
       Yara's Violent Un |       |       |       |       |       |       |     1 ||     1
Invok: Channel Magic     |       |       |       |     2 |    21 |    15 |     9 ||    47
       Forget Spell      |       |       |       |       |       |     2 |       ||     2
  Use: Scroll            |       |     6 |    10 |     8 |     9 |     6 |     1 ||    40
       Potion            |       |       |     1 |       |     9 |     4 |     2 ||    16
 Stab: Sleeping          |     8 |       |     2 |     4 |       |     2 |       ||    16
       Distracted        |       |       |     2 |     3 |     2 |     8 |     3 ||    18
Armor: Robe              |     4 |     2 |    15 |     2 |       |       |       ||    23
       Troll leather arm |       |       |       |    17 |    97 |    43 |     9 ||   166
Dodge: Dodged            |    33 |    19 |   129 |   118 |   267 |   277 |    72 ||   915
       Repelled          |       |       |       |       |     7 |    30 |     3 ||    40
Block: Other             |       |       |    10 |     9 |       |       |       ||    19
       Buckler           |       |       |       |   109 |   212 |   221 |    55 ||   597
       Reflection        |       |       |       |    12 |     3 |    22 |    23 ||    60
       Rpst.: Falchion   |       |       |       |       |     1 |     9 |       ||    10

Table legend: (Time is in decaauts)
 A = Elapsed time spent in this place.
 B = Non-inter-level travel time spent in this place.
 C = Inter-level travel time spent in this place.
 D = Time resting spent in this place.
 E = Time spent auto-exploring this place.
 F = Levels seen in this place.
 G = Mean time per level.
                   A        B        C        D        E       F      G
               +--------+--------+--------+--------+--------+-----+--------+
         Total |  54133 |  51400 |   2733 |   7797 |  32803 |  38 | 1424.6 |
       Dungeon |  19637 |  18276 |   1361 |   1463 |  13144 |  15 | 1309.1 |
        Temple |    204 |    181 |     23 |      0 |    164 |   1 |  204.0 |
          Lair |   9456 |   8968 |    488 |   1155 |   6145 |   6 | 1576.0 |
         Swamp |   6680 |   6509 |    171 |   1177 |   4179 |   4 | 1670.0 |
     Snake Pit |   6509 |   6285 |    224 |   1002 |   3989 |   4 | 1627.2 |
  Orcish Mines |   2575 |   2242 |    333 |    112 |   1470 |   2 | 1287.5 |
   Elven Halls |   7080 |   6952 |    128 |   1991 |   3263 |   3 | 2360.0 |
        Vaults |    222 |    220 |      2 |      0 |     97 |   1 |  222.0 |
         Sewer |    282 |    282 |      0 |     17 |    172 |   1 |  282.0 |
      Ice Cave |   1483 |   1483 |      0 |    879 |    177 |   1 | 1483.0 |
               +--------+--------+--------+--------+--------+-----+--------+

Top non-repeatable levels by time:
   Elf:3: 3293 daAuts
  Lair:6: 3194 daAuts
   Elf:2: 2568 daAuts
    D:15: 2416 daAuts
 Swamp:3: 2181 daAuts
 Snake:4: 2051 daAuts
   Orc:2: 1996 daAuts
 Snake:1: 1800 daAuts
     D:5: 1799 daAuts
    D:12: 1755 daAuts
    D:10: 1577 daAuts
 Swamp:4: 1547 daAuts
 Snake:3: 1546 daAuts
 Swamp:1: 1485 daAuts
   IceCv: 1483 daAuts
